 Dungeon Crawl Stone Soup version 0.24-a0-235-g3f03afc (webtiles) character file.

Game seed: 2507663190815694762

88 Espgualade the Chiller (level 4, -3/24 HPs)
             Began as a Tengu Ice Elementalist on Apr 8, 2019.
             Slain by a killer bee zombie (7 damage)
             ... on level 3 of the Dungeon.
             The game lasted 00:05:47 (3117 turns).

Espgualade the Chiller (Tengu Ice Elementalist)     Turns: 3117, Time: 00:05:48

Health: -3/24      AC:  8    Str:  8    XL:     4   Next: 53%
Magic:  14/17      EV: 13    Int: 16    God:
Gold:   118        SH:  0    Dex: 15    Spells: 1/7 levels left

rFire    . . .     SeeInvis .   d - +0 dagger
rCold    . . .     Gourm    .   (no shield)
rNeg     + . .     Faith    .   a - +1 robe
rPois    .         Spirit   .   (helmet restricted)
rElec    .         Reflect  .   (no cloak)
rCorr    .         Harm     .   (no gloves)
MR       .....                  (boots unavailable)
Stlth    ++........             (no amulet)
HPRegen  0.08/turn              h - ring of magical power
MPRegen  0.15/turn              i - ring of positive energy

@: icy armour
A: beak, talons 3
a: no special abilities


You were on level 3 of the Dungeon.
You were not hungry.

You visited 1 branch of the dungeon, and saw 3 of its levels.

You collected 118 gold pieces.

Inventory:

Hand Weapons
 d - a +0 dagger (weapon)
Armour
 a - a +1 robe (worn)
Jewellery
 h - a ring of magical power (left hand)
 i - a ring of positive energy (right hand)
Scrolls
 b - 2 scrolls of teleportation
 e - 2 scrolls of remove curse
Comestibles
 c - 2 rations


   Skills:
 - Level 2.1 Dodging
 - Level 2.0 Stealth
 - Level 2.0 Spellcasting
 - Level 1.3 Conjurations
 + Level 4.7 Ice Magic


You had one spell level left.
You knew the following spells:

 Your Spells              Type           Power        Failure   Level  Hunger
a - Freeze                Ice            ###.         3%          1    #......
b - Throw Frost           Conj/Ice       ##....       9%          2    ###....
c - Ozocubu's Armour      Chrm/Ice       #.......     24%         3    ###....

Your spell library contained the following spells:

 Spells                   Type           Power        Failure   Level  Hunger
 Throw Icicle             Conj/Ice       ##......     52%         4    #####..
 Summon Ice Beast         Ice/Summ       #.......     61%         4    #####..


Dungeon Overview and Level Annotations

Branches:
Dungeon (3/15)

Altars:

Annotations:
D:2 1 runed translucent door, Crazy Yiuf
D:3 Terence


Innate Abilities, Weirdness & Mutations

You have a beak for a mouth.
You have claws for feet.


Message History

Aim: a killer bee zombie (moderately damaged)
Okay, then.
Casting: Freeze (safe; 3% risk of failure)
Confirm with . or Enter, or press ? or * to list all spells.
A film of ice covers your body!
The killer bee zombie hits you but does no damage.
You hit the killer bee zombie.
The killer bee zombie is moderately damaged.
The killer bee zombie hits you but does no damage.
The killer bee zombie hits you.
* * * LOW HITPOINT WARNING * * *
You barely miss the killer bee zombie. Your kick misses the killer bee zombie.
The killer bee zombie is moderately damaged.
The killer bee zombie hits you but does no damage.
The killer bee zombie barely misses you.
You hit the killer bee zombie but do no damage.
You claw the killer bee zombie! You peck the killer bee zombie.
The killer bee zombie is severely damaged.
The killer bee zombie hits you!
You die...

######## .##.# #.#.....
.#########.##.####.......
w........................
.........................
.........................
...................<.....
........Z.....(..........
#.......@................
.........................
#.....†..................
.........................
#........................
.........................
#........................
#........................
#........................


You could see a killer bee zombie.

Vanquished Creatures
  3 adders
  3 worms
  A dart slug (D:3)
  A leopard gecko (D:1)
  A ball python (D:2)
  3 giant cockroaches
  8 goblins
  8 hobgoblins
  2 jackals (D:2)
  6 bats
  3 frilled lizards (D:2)
  5 kobolds
  4 rats (D:1)
48 creatures vanquished.

Notes
Turn   | Place    | Note
-------+----------+-------------------------------------------
     0 | D:1      | Espgualade the Tengu Ice Elementalist began the quest for
                  | the Orb.
     0 | D:1      | Reached XP level 1. HP: 10/10 MP: 4/4
    97 | D:1      | Reached skill level 3 in Ice Magic
   214 | D:1      | Reached XP level 2. HP: 15/15 MP: 6/6
  1037 | D:1      | Learned a level 2 spell: Throw Frost
  1194 | D:2      | Reached XP level 3. HP: 13/19 MP: 1/7
  1421 | D:2      | Reached skill level 4 in Ice Magic
  1854 | D:2      | Learned a level 3 spell: Ozocubu's Armour
  2599 | D:2      | Found a runed translucent door.
  2600 | D:2      | Noticed Crazy Yiuf
  2660 | D:2      | Reached XP level 4. HP: 22/24 MP: 8/8
  2885 | D:3      | Noticed Terence
  3117 | D:3      | Slain by a killer bee zombie

Levels and vault maps discovered:
D:1:      dpeg_arrival_arbitrary_a, layout_loops_corners
D:2:      layout_basic, minmay_misc_feat_iff, uniq_crazy_yiuf_cottage
D:3:      layout_basic, uniq_terence

Skill      XL: |  1  2  3 |
---------------+----------+-----
Ice Magic      | 3 4 |  4.7
Dodging        | |  2.1
Stealth        | |  2.0
Spellcasting   | |  2.0
Conjurations   | |  1.3

Action                   |  1- 3 |  4- 6 || total
-------------------------+-------+-------++-------
Melee: Dagger            |    46 |    15 ||    61
       Kick              |     9 |     2 ||    11
       Peck              |     3 |     5 ||     8
 Cast: Freeze            |    38 |    16 ||    54
       Throw Frost       |     3 |       ||     3
       Ozocubu's Armour  |       |     1 ||     1
  Use: Scroll            |     1 |     4 ||     5
       Potion            |     3 |       ||     3
 Stab: Sleeping          |     5 |     1 ||     6
  Eat: Chunk             |     5 |       ||     5
       Ration            |       |     1 ||     1
Armor: Robe              |    25 |     8 ||    33
Dodge: Dodged            |    64 |    18 ||    82

Table legend:
 A = Non-vault XP
 B = Vault XP
 C = Vault XP percentage of total XP
 D = Non-vault monster count
 E = Vault monster count
 F = Vault count percentage of total count
                 A         B        C        D         E       F
            +---------+---------+-------+---------+---------+-------
      Total |     126 |       0 |   0.0 |      48 |       0 |   0.0
            +---------+---------+-------+---------+---------+-------
        D:1 |      26 |       0 |   0.0 |      16 |       0 |   0.0
        D:2 |      56 |       0 |   0.0 |      23 |       0 |   0.0
        D:3 |      44 |       0 |   0.0 |       9 |       0 |   0.0
            +---------+---------+-------+---------+---------+-------
